 Dungeon Crawl Stone Soup version 0.28-a0-1087-gf3fc490d9d (webtiles) character file.

Game seed: 17852932010871198761

326 leviel the Skirmisher (level 6, -1/56 HPs)
             Began as a Hill Orc Fighter on Dec 10, 2021.
             Succumbed to an orc's poison
             ... on level 4 of the Dungeon.
             The game lasted 00:09:36 (2162 turns).

leviel the Skirmisher (Hill Orc Fighter)            Turns: 2162, Time: 00:09:36

Health: -1/56      AC:  7    Str: 21    XL:     6   Next: 49%
Magic:  6/6        EV:  9    Int:  8    God:
Gold:   53         SH:  4    Dex: 10    Spells: 5/5 levels left

rFire   . . .      SeeInvis +   a - +0 war axe
rCold   . . .      Faith    .   c - +0 buckler
rNeg    . . .      Spirit   .   b - +0 scale mail
rPois   .          Reflect  .   (no helmet)
rElec   .          Harm     .   (no cloak)
rCorr   .          Rampage  .   (no gloves)
Will    .....                   (no boots)
Stlth   ..........              h - amulet of regeneration
HPRegen 0.98/turn               d - ring of see invisible
MPRegen 0.10/turn               (no ring)

@: lethally poisoned (-1 -> -9)
A: no striking features
a: no special abilities


You were on level 4 of the Dungeon.
You visited 1 branch of the dungeon, and saw 6 of its levels.

You collected 101 gold pieces.
You spent 48 gold pieces at shops.

Inventory:

Hand Weapons
 a - a +0 war axe (weapon)
Missiles
 l - 7 poisoned darts (quivered)
Armour
 b - a +0 scale mail (worn)
 c - a +0 buckler (worn)
Jewellery
 d - a ring of see invisible (left hand)
 h - an amulet of regeneration (around neck)
Scrolls
 e - 3 scrolls of teleportation
 k - a scroll of immolation


   Skills:
 + Level 5.5 Fighting
 + Level 5.2 Axes
 + Level 5.0 Armour
 - Level 4.0 Shields


You had 5 spell levels left.
You didn't know any spells.
Your spell library contained the following spells:

 Spells                   Type           Power      Damage    Failure   Level
 Call Canine Familiar     Summ           0%         N/A       98%         3
 Ignite Poison            Fire/Tmut/Pois 0%         N/A       98%         3
 Mephitic Cloud           Conj/Pois/Air  0%         N/A       98%         3
 Portal Projectile        Hex/Tloc       0%         N/A       98%         3
 Leda's Liquefaction      Hex/Erth       0%         N/A       100%        4
 Freezing Cloud           Conj/Ice/Air   0%         6-21      100%        5


Dungeon Overview and Level Annotations

Branches:
Dungeon (6/15)
 Temple: D:4-7

Altars:
Nemelex Xobeh
Zin

Shops:
D:2 (   D:3 *

Annotations:
D:2 1 runed translucent door, Crazy Yiuf


Message History

The orc hits you with a +0 long sword.
The orc hits you with a +1 trident of venom.
You are more poisoned.
The orc hits you with a +0 long sword!
* * * LOW HITPOINT WARNING * * *
You barely miss the orc.
The orc is lightly wounded.
You closely miss the orc.
* * * LOW HITPOINT WARNING * * *
You feel extremely sick. You block the orc's attack. The orc barely misses you.
You hit the orc.
The orc is severely wounded.
You slash the orc!
You kill the orc!
* * * LOW HITPOINT WARNING * * *
You feel very sick. The orc barely misses you.
You feel better.
The orc hits you with a +1 trident of venom.
* * * LOW HITPOINT WARNING * * *
You hit the orc but do no damage.
The orc is severely wounded.
The orc hits you with a +1 trident of venom.
* * * LOW HITPOINT WARNING * * *
You are poisoned.
You closely miss the orc.
The orc is severely wounded.
You feel very sick.
The orc hits you with a +1 trident of venom.
* * * LOW HITPOINT WARNING * * *
You are lethally poisoned!
You block the orc's attack.
You closely miss the orc.
The orc is severely wounded.
* * * LOW HITPOINT WARNING * * *
You feel very sick. You block the orc's attack.
It was a potion of cancellation.
You feel magically purged.
You die...

......... .....
........#...... .....
........##..... .....
........##..... ......
.......)...# ....#.
.........#.#####.)..<.
#.......)...#.#.......
..........).#.).......
..........@o?..)......
..##........##........
. ##....#..###....<..
#.......# #......
.........# ......
..(..##.... ......
..... ...... ....#
..##.##..##.. #.#.#


You could see an orc.

Vanquished Creatures
  Sigmund (D:3)
  An orc priest (D:4)
  Jessica (D:2)
  5 adders
  4 dart slugs
  4 orcs
  7 bats
  4 endoplasms
  A giant cockroach (D:2)
  5 goblins
  5 hobgoblins
  6 jackals
  A quokka (D:1)
  7 ball pythons
  3 frilled lizards
  8 kobolds
  2 rats
65 creatures vanquished.

Notes
Turn   | Place    | Note
-------+----------+-------------------------------------------
     0 | D:1      | leviel the Hill Orc Fighter began the quest for the Orb.
     0 | D:1      | Reached XP level 1. HP: 19/19 MP: 1/1
    47 | D:1      | Reached XP level 2. HP: 21/27 MP: 2/2
   308 | D:1      | Reached XP level 3. HP: 33/33 MP: 3/3
   482 | D:1      | Found a faded altar of an unknown god.
   594 | D:2      | Noticed Jessica
   603 | D:2      | Killed Jessica
   604 | D:2      | Reached XP level 4. HP: 26/41 MP: 4/4
   901 | D:2      | Found a runed translucent door.
   902 | D:2      | Noticed Crazy Yiuf
  1097 | D:2      | Found Voed's Weapon Shoppe.
  1212 | D:3      | Upgraded the game from 0.28-a0-1080-g05a166d0ed to
                  | 0.28-a0-1087-gf3fc490d9d
  1255 | D:3      | Found Dekizxiu's Assorted Antiques.
  1262 | D:3      | Bought a scroll labelled WOSUNGIFUE for 24 gold pieces
  1262 | D:3      | Bought a scroll labelled ISELURGH WECERI for 24 gold pieces
  1526 | D:3      | Reached XP level 5. HP: 46/47 MP: 5/5
  1747 | D:3      | Noticed Sigmund
  1752 | D:3      | Killed Sigmund
  1753 | D:3      | Reached skill level 5 in Fighting
  1753 | D:3      | Reached skill level 5 in Axes
  1753 | D:3      | Reached XP level 6. HP: 44/56 MP: 6/6
  1949 | D:3      | You fall into a shaft and drop 2 floors!
  1949 | D:5      | Entered Level 5 of the Dungeon
  1949 | D:5      | Found a glowing silver altar of Zin.
  1949 | D:5      | Found a sparkling altar of Nemelex Xobeh.
  1963 | D:6      | Noticed an ice beast
  2133 | D:4      | Reached skill level 5 in Armour
  2161 | D:4      | HP: 1/56 [poisoned by an orc]
  2162 | D:4      | Succumbed to an orc's poison

Illustrated notes

Levels and vault maps discovered:
D:1:      dpeg_arrival_line_fractal, layout_rooms, basic_ecumenical_altar,
          minivault_26
D:2:      layout_basic, serial_shops, nicolae_shop_bloodbath_and_beyond,
          chequers_serial_rivers_room_b, uniq_jessica, uniq_crazy_yiuf_cottage
D:3:      layout_basic, serial_shops, shop_fountains, minmay_hedge_maze,
          uniq_sigmund
D:4:      layout_cave_pools, cheibrodos_sewer_entry_bend, serial_shops,
          nicolae_inconvenience_store, kennysheep_mini, nicolae_square_shop
D:5:      layout_layer_cave, minmay_overflow_temple_star_hex,
          kennysheep_little_box, nicolae_overflow_hidden_temple,
          minmay_temple_entry_statues_fountains, ebering_ghost_inner_flame,
          uniq_grinder
D:6:      layout_basic, minmay_shop_grid_forest, minmay_misc_feat_alley

Skill      XL: |  1  2  3  4  5  6 |
---------------+-------------------+-----
Axes           | 3 4 5 |  5.2
Fighting       | 4 5 |  5.5
Shields        | 4 |  4.0
Armour         | 4 5 |  5.0

Action                   |  1- 3 |  4- 6 || total
-------------------------+-------+-------++-------
Melee: War axe           |    67 |   114 ||   181
  Use: Scroll            |       |     7 ||     7
       Potion            |       |     5 ||     5
Armor: Scale mail        |    31 |    53 ||    84
Dodge: Dodged            |    46 |    63 ||   109
Block: Buckler           |    22 |    26 ||    48

Table legend: (Time is in decaauts)
 A = Elapsed time spent in this place.
 B = Non-inter-level travel time spent in this place.
 C = Inter-level travel time spent in this place.
 D = Time resting spent in this place.
 E = Time spent auto-exploring this place.
 F = Levels seen in this place.
 G = Mean time per level.
                   A        B        C        D        E       F      G
               +--------+--------+--------+--------+--------+-----+--------+
         Total |   2221 |   2171 |     50 |      0 |   1533 |   6 |  370.2 |
       Dungeon |   2221 |   2171 |     50 |      0 |   1533 |   6 |  370.2 |
               +--------+--------+--------+--------+--------+-----+--------+

Top non-repeatable levels by time:
     D:3: 753 daAuts
     D:2: 718 daAuts
     D:1: 529 daAuts
     D:5: 100 daAuts
     D:6: 81 daAuts
     D:4: 37 daAuts
